 Dungeon Crawl Stone Soup version 0.29-a0-409-gd843f3a48c (webtiles) character file.

Game seed: 1986853898314970733

349 bande the Covered (level 6, 0/38 HPs)
             Began as a Gargoyle Fighter on May 13, 2022.
             Was an Initiate of Okawaru.
             Slain by an orc
             ... wielding a +0 mace
              (4 damage)
             ... in the Ecumenical Temple.
             The game lasted 00:04:45 (2901 turns).

bande the Covered (Gargoyle Fighter)                Turns: 2901, Time: 00:04:45

Health: 0/38       AC: 12    Str: 20    XL:     6   Next: 60%
Magic:  6/6        EV:  9    Int:  8    God:    Okawaru [......]
Gold:   199        SH:  4    Dex: 11    Spells: 5/5 levels left

rFire   . . .      SeeInvis .   a - +0 war axe (elec)
rCold   . . .      Faith    .   c - +0 buckler
rNeg    + . .      Spirit   .   b - +0 scale mail
rPois   ∞          Reflect  .   (no helmet)
rElec   +          Harm     .   (no cloak)
rCorr   .          Rampage  .   r - +0 pair of gloves
Will    .....                   (no boots)
Stlth   ..........              (no amulet)
HPRegen 0.12/turn               o - +4 ring of slaying
MPRegen 0.10/turn               (no ring)

@: no status effects
A: sickness immunity, AC +4, negative energy resistance 1, electricity
resistance, torment resistance 1, petrification resistance
a: Renounce Religion


You were in the Ecumenical Temple.
You worshipped Okawaru.
Okawaru was noncommittal.
You visited 2 branches of the dungeon, and saw 5 of its levels.

You collected 199 gold pieces.

Inventory:

Hand Weapons
 a - a +0 war axe of electrocution (weapon)
Armour
 b - a +0 scale mail (worn)
 c - a +0 buckler (worn)
 r - a +0 pair of gloves (worn)
Jewellery
 o - a +4 ring of slaying (left hand)
 p - an amulet of reflection
Wands
 m - a wand of mindburst (10)
Scrolls
 e - a scroll of identify
 n - a scroll of poison
Potions
 d - 2 potions of might
 f - a potion of brilliance {unknown}
 g - a potion of magic {unknown}
 h - a potion of haste {unknown}
 i - a potion of flight {unknown}
 q - a potion of resistance {unknown}


   Skills:
 + Level 4.1 Fighting
 + Level 4.2 Axes
 + Level 4.5 Armour
 + Level 4.1 Shields
 * Level 1.8 Evocations


You had 5 spell levels left.
You didn't know any spells.
Your spell library contained the following spells:

 Spells                   Type           Power      Damage    Failure   Level
 Ensorcelled Hibernation  Hex/Ice        0%         N/A       93%         2
 Passwall                 Tmut/Erth      0%         N/A       93%         2
 Swiftness                Air            0%         N/A       99%         3


Dungeon Overview and Level Annotations

Branches:
Dungeon (4/15)             Temple (1/1) D:4

Altars:
Hepliaklqana
Nemelex Xobeh
Okawaru
Wu Jian

Shops:
D:4 :


Innate Abilities, Weirdness & Mutations

You are immune to sickness and miasma.
Your stone body is resilient. (AC +4)
You are immune to poison.
You resist negative energy. (rN+)
You are resistant to electric shocks. (rElec)
You are resistant to unholy torment.
You are immune to petrification.


Message History

You are too injured to fight recklessly!
You are too injured to fight recklessly!
You are too injured to fight recklessly!
You are too injured to fight recklessly!
You are too injured to fight recklessly!
You are too injured to fight recklessly!
You are too injured to fight recklessly!
The orc warrior shoots a sling bullet.
The sling bullet closely misses you.
The orc warrior shoots a sling bullet.
The sling bullet barely misses you. The orc attacks as you move away!
You block the orc's attack. The orc attacks as you move away!
The orc closely misses you. The orc attacks as you move away!
The orc hits you but does no damage. The orc attacks as you move away!
The orc hits you with a +0 mace.
* * * LOW HITPOINT WARNING * * *
The orc attacks as you move away! The orc barely misses you.
The orc attacks as you move away! The orc misses you.
The orc attacks as you move away! The orc barely misses you.
The orc attacks as you move away! The orc hits you but does no damage.
The orc attacks as you move away! The orc hits you but does no damage.
There is an entrance to Huich's Book Shoppe here.
The orc attacks as you move away! The orc hits you but does no damage.
The orc attacks as you move away! The orc hits you but does no damage.
The orc attacks as you move away! The orc barely misses you.
The orc attacks as you move away! The orc hits you but does no damage.
The orc attacks as you move away! The orc hits you with a +0 mace.
* * * LOW HITPOINT WARNING * * *
There is a fountain of clear blue water here.
The orc attacks as you move away! The orc hits you but does no damage.
There is a staircase to the Ecumenical Temple here.
The orc hits you with a +0 mace.
* * * LOW HITPOINT WARNING * * *
You climb downwards.
Welcome back to the Ecumenical Temple!
There is a staircase back to the Dungeon here.
You closely miss the orc.
The orc is heavily wounded.
The orc hits you but does no damage.
You barely miss the orc.
The orc is heavily wounded.
The orc hits you with a +0 mace.
You die...

....## ###....##
......###.......#
._.....#....._..#
...............#
......#.......##
.##...##...##
##.####...#
##...##.....#
#..@..#_.#....
##o..##.....#...
##.####...###..
... ...## #. .#.
.... .. .. .. ..
..# #..


You could see an orc.

Vanquished Creatures
  A black bear (D:4)
  A necrophage (D:4)
  A scorpion (D:4)
  6 adders
  A worm (D:3)
  A dart slug (D:3)
  4 orcs (D:3)
  5 endoplasms
  2 giant cockroaches
  8 goblins
  6 hobgoblins
  12 jackals
  6 kobolds
  3 quokkas (D:1)
  7 ball pythons
  5 bats
  2 frilled lizards (D:1)
  9 rats
80 creatures vanquished.

Notes
Turn   | Place    | Note
-------+----------+-------------------------------------------
     0 | D:1      | bande the Gargoyle Fighter began the quest for the Orb.
     0 | D:1      | Reached XP level 1. HP: 14/14 MP: 1/1
   283 | D:1      | Reached XP level 2. HP: 19/19 MP: 2/2
   316 | D:1      | Found a faded altar of an unknown god.
   498 | D:1      | You fall into a shaft and drop 1 floor!
   515 | D:2      | Reached XP level 3. HP: 21/23 MP: 3/3
   933 | D:2      | Reached XP level 4. HP: 21/29 MP: 4/4
  2113 | D:3      | Reached XP level 5. HP: 33/33 MP: 5/5
  2449 | D:4      | Noticed a black bear
  2454 | D:4      | Killed a black bear
  2455 | D:4      | Reached skill level 1 in Evocations
  2532 | D:4      | Reached XP level 6. HP: 36/38 MP: 6/6
  2567 | D:4      | Found Huich's Book Shoppe.
  2628 | D:4      | Found a staircase to the Ecumenical Temple.
  2732 | Temple   | Entered the Ecumenical Temple
  2741 | Temple   | Became a worshipper of Warmaster Okawaru
  2852 | D:4      | Identified the +4 hunting sling of the Heavens {vorpal,
                  | SInv}
  2852 | D:4      | Noticed an orc warrior
  2901 | Temple   | Slain by an orc

Illustrated notes

Levels and vault maps discovered:
D:1:      psy_arrival_radial02, layout_rooms, chequers_ecumenical_altar_island,
          minmay_tetromino_l2
D:2:      layout_rooms
D:3:      layout_rooms, minmay_misc_feat_iff
D:4:      layout_cave_pods, temple_fountains, serial_shops,
          nicolae_shop_temple_entry_statues_fountains,
          nicolae_shop_temple_entry_statues_fountains, nicolae_lakefront_shop,
          nicolae_take_the_stairs
Temple:   eino_temple_scatter_basement

Skill      XL: |  1  2  3  4  5 |
---------------+----------------+-----
Axes           | 2 3 4 |  4.2
Armour         | 4 |  4.5
Shields        | 4 |  4.1
Evocations     | 1 |  1.8
Fighting       | 4 |  4.1

Action                   |  1- 3 |  4- 6 || total
-------------------------+-------+-------++-------
Melee: War axe           |    89 |   110 ||   199
  Use: Scroll            |       |     7 ||     7
Armor: Scale mail        |    62 |    68 ||   130
Dodge: Dodged            |    47 |    77 ||   124
Block: Buckler           |    25 |    35 ||    60

Table legend: (Time is in decaauts)
 A = Elapsed time spent in this place.
 B = Non-inter-level travel time spent in this place.
 C = Inter-level travel time spent in this place.
 D = Time resting spent in this place.
 E = Time spent auto-exploring this place.
 F = Levels seen in this place.
 G = Mean time per level.
                   A        B        C        D        E       F      G
               +--------+--------+--------+--------+--------+-----+--------+
         Total |   2985 |   2913 |     72 |      0 |   2221 |   5 |  597.0 |
       Dungeon |   2960 |   2895 |     65 |      0 |   2220 |   4 |  740.0 |
        Temple |     24 |     17 |      7 |      0 |      1 |   1 |   24.0 |
               +--------+--------+--------+--------+--------+-----+--------+

Top non-repeatable levels by time:
     D:1: 927 daAuts
     D:3: 831 daAuts
     D:2: 754 daAuts
     D:4: 447 daAuts
  Temple: 24 daAuts
